 Dungeon Crawl Stone Soup version 0.29-a0-1043-g569b05d6ff (webtiles) character file.

Game seed: 3166057183311353152

40 SensoryNuts the Trooper (level 3, 0/34 HPs)
             Began as a Naga Fighter on Aug 15, 2022.
             Slain by a goblin
             ... wielding a +0 club
             ... led by Robin
              (2 damage)
             ... on level 2 of the Dungeon.
             The game lasted 00:00:57 (589 turns).

SensoryNuts the Trooper (Naga Fighter)               Turns: 589, Time: 00:00:58

Health: 0/34       AC:  4    Str: 20    XL:     3   Next: 50%
Magic:  3/3        EV:  7    Int:  8    God:
Gold:   48         SH:  4    Dex: 10    Spells: 2/2 levels left

rFire   . . .      SeeInvis +   a - +0 trident
rCold   . . .      Faith    .   c - +0 buckler
rNeg    . . .      Spirit   .   b - +0 scale mail
rPois   +          Reflect  .   (no helmet)
rElec   .          Harm     .   (no cloak)
rCorr   .          Rampage  .   (no gloves)
Will    .....                   (no barding)
Stlth   ..........              (no amulet)
HPRegen 0.11/turn               (no ring)
MPRegen 0.08/turn               (no ring)

@: mighty, very slow
A: AC +1, large, see invisible, deformed body, poison resistance, slowness 2,
spit poison 1, naga tail 1
a: Spit Poison


You were on level 2 of the Dungeon.
You visited 1 branch of the dungeon, and saw 2 of its levels.

You collected 48 gold pieces.

Inventory:

Hand Weapons
 a - a +0 trident (weapon)
Armour
 b - a +0 scale mail (worn)
 c - a +0 buckler (worn)
 l - a +0 leather armour
Scrolls
 f - a scroll of poison {unknown}
 g - a scroll of amnesia {unknown}
 h - a scroll of blinking {unknown}
 i - a scroll of butterflies {unknown}
 j - 2 scrolls of teleportation {unknown}
 k - 2 scrolls of identify {unknown}
Potions
 d - a potion of might
 e - a potion of heal wounds {unknown}


   Skills:
 + Level 3.2 Fighting
 + Level 2.6 Polearms
 + Level 2.9 Armour
 + Level 0.1 Dodging
 + Level 2.9 Shields


You had 2 spell levels left.
You didn't know any spells.
Your spell library contained the following spells:

 Spells                   Type           Power      Damage    Failure   Level
 Blink                    Tloc           0%         N/A       93%         2
 Lesser Beckoning         Tloc           0%         N/A       99%         3
 Manifold Assault         Tloc           0%         N/A       100%        5


Dungeon Overview and Level Annotations

Branches:
Dungeon (2/15)

Altars:

Annotations:
D:2 Robin


Innate Abilities, Weirdness & Mutations

Your serpentine skin is tough. (AC +1)
You have supernaturally acute eyesight. (SInv)
Armour fits poorly on your strangely shaped body.
Your system is resistant to poisons. (rPois)
You cover ground very slowly.
You can spit poison.
You have a snake-like lower body.


Message History

The goblin hits you but does no damage. x3
The hobgoblin shouts!
You puncture the goblin!
You kill the goblin!
The goblin barely misses you.
You impale the goblin!!
You kill the goblin!
The goblin hits you but does no damage.
You impale the goblin!!
You kill the goblin!
The goblin hits you but does no damage. Robin throws the goblin at you!
You closely miss the goblin. The goblin hits you but does no damage.
You block the goblin's attack.
You closely miss the goblin. The goblin barely misses you.
The goblin hits you with a +0 club. x2; You block the goblin's attack.
You puncture the goblin!
You kill the goblin!
The goblin hits you with a +0 club.
You barely miss the goblin. You block the goblin's attack.
The goblin barely misses you.
You closely miss the goblin. The goblin hits you with a +0 club.
The goblin barely misses you. Robin hits you but does no damage.
You puncture the goblin!
You kill the goblin!
Robin hits you from afar with a +0 spear.
The goblin barely misses you.
Robin roars a battlecry!
The goblin goes into a battle-frenzy!
The goblin hits you with a +0 club.
* * * LOW HITPOINT WARNING * * *
The goblin attacks as you move away! You block the goblin's attack.
The goblin no longer looks unusually strong. x2
Robin throws the goblin at you! The goblin hits you with a +0 club.
* * * LOW HITPOINT WARNING * * *
Items here: ))) ††.
You closely miss the goblin. Robin throws the goblin at you!
You block the goblin's attack. The goblin hits you with a +0 club.
* * * LOW HITPOINT WARNING * * *
The goblin hits you with a +0 club.
You die...

..... .(.# #.# ...## #.# .#..#
#.# ###.###########.#
.#.###........#.##### #########
#.#.................# #........
.##...........#.###g###........
....##.####....g@gg............
....##.#..#...#g###.......g....
..............#.#.............g
.......#......#.#.#............
..................###.#........
......##.############.#########
....#...... ..........#
....#..#.##.....#######
.†..#.........


You could see Robin, a hobgoblin and 3 goblins.

Vanquished Creatures
  An adder (D:2)
  A dart slug (D:2)
  4 bats (D:2)
  3 endoplasms
  3 giant cockroaches
  2 hobgoblins (D:2)
  A kobold (D:2)
  3 ball pythons
  7 goblins
25 creatures vanquished.

Vanquished Creatures (others)
  3 fungi (D:2)
  4 plants (D:2)
7 creatures vanquished.

Grand Total: 32 creatures vanquished

Notes
Turn   | Place    | Note
-------+----------+-------------------------------------------
     0 | D:1      | SensoryNuts the Naga Fighter began the quest for the Orb.
     0 | D:1      | Reached XP level 1. HP: 21/21 MP: 1/1
   165 | D:1      | You fall into a shaft and drop 1 floor!
   183 | D:2      | Reached XP level 2. HP: 28/28 MP: 2/2
   347 | D:2      | Reached XP level 3. HP: 29/34 MP: 3/3
   568 | D:2      | Noticed Robin
   589 | D:2      | Slain by a goblin

Illustrated notes

Levels and vault maps discovered:
D:1:      dpeg_arrival_rooms_b, layout_rooms, nicolae_wormholes
D:2:      layout_basic, shapermc_ecumenical_altar_mp_urbaneastern,
          minmay_tripent, uniq_robin, uniq_natasha

Action                   || total
-------------------------++-------
Melee: Trident           ||    78
  Use: Potion            ||     1
Armor: Scale mail        ||    42
Dodge: Dodged            ||    36
Block: Buckler           ||    18

Table legend: (Time is in decaauts)
 A = Elapsed time spent in this place.
 B = Non-inter-level travel time spent in this place.
 C = Inter-level travel time spent in this place.
 D = Time resting spent in this place.
 E = Time spent auto-exploring this place.
 F = Levels seen in this place.
 G = Mean time per level.
                   A        B        C        D        E       F      G
               +--------+--------+--------+--------+--------+-----+--------+
         Total |    716 |    716 |      0 |      0 |    527 |   2 |  358.0 |
       Dungeon |    716 |    716 |      0 |      0 |    527 |   2 |  358.0 |
               +--------+--------+--------+--------+--------+-----+--------+

Top non-repeatable levels by time:
     D:2: 513 daAuts
     D:1: 202 daAuts
